 Dungeon Crawl Stone Soup version bcrawl-1.39.1 (webtiles) character file.

Game seed: 11120743794841222710

120290 Mehrunes the Magician (level 5, -5/39 HPs)
             Began as a Mummy Conjurer on Sept 24, 2023.
             Slain by a hippogriff (7 damage)
             ... on level 4 of the Dungeon.
             The game lasted 00:07:42 (4021 turns).

Mehrunes the Magician (Mummy Conjurer)              Turns: 4021, Time: 00:07:43

Health: -5/39      AC:  3    Str:  8    XL:     5   Next: 69%
Magic:  2/11       EV: 13    Int: 15    God:
Gold:   333        SH:  0    Dex: 13    Spells: 6/12 levels left

rFire    x . .     GDR:     25% n - +2 whip (elec)
rCold    + . .     SeeInvis .   (no shield)
rNeg     + + +     Gourm    .   a - +0 robe
rPois    ∞         Faith    .   j - +0 helmet
rElec    .         Spirit   .   (no cloak)
rCorr    .         Reflect  .   (no gloves)
MR       ++...     Clarity  +   (no boots)
Stlth    ++........             i - amulet of inaccuracy (curse)
HPRegen  0.16/turn              d - ring "Fog Neef" {+Fly MR++ Str-3}
MPRegen  0.12/turn              (no ring)

@: no status effects
A: no food or potions, fire vulnerability, clarity, cold resistance 1, negative
energy resistance 3, torment resistance, unbreathing, strong hexes 1
a: Evoke Flight


You were on level 4 of the Dungeon.
You were not hungry.

You visited 1 branch of the dungeon, and saw 4 of its levels.

You collected 333 gold pieces.

Inventory:

Hand Weapons
 b - a +0 dagger
 k - a +0 falchion of slicing
 n - a +2 whip of electrocution (weapon)
Armour
 a - a +0 robe (worn)
 g - a +0 helmet
 j - a +0 helmet (worn)
 p - a +0 cloak
Jewellery
 d - the ring "Fog Neef" (left hand) {+Fly MR++ Str-3}
   (You found it on level 1 of the Dungeon)

   [ring of flight]

   It affects your strength (-3).
   It affects your resistance to hostile enchantments.
   It lets you fly.
 e - an uncursed ring of resist corrosion {unknown}
 i - a cursed amulet of inaccuracy (around neck)
Wands
 f - a wand of polymorph (10)
 o - a wand of iceblast (8)
Scrolls
 c - 2 scrolls of teleportation
 h - a scroll of enchant weapon {unknown}
 l - a scroll of enchant armour {unknown}
 m - 2 scrolls of amnesia {unknown}


   Skills:
 + Level 2.5 Fighting
 + Level 2.8 Dodging
 - Level 2.1 Stealth
 + Level 4.2 Spellcasting
 + Level 4.0 Conjurations


You had 6 spell levels left.
You knew the following spells:

 Your Spells              Type           Power        Failure   Level  Hunger
a - Magic Dart            Conj           ###.         3%          1    N/A
b - Searing Ray           Conj           ###.....     4%          2    N/A
c - Iskenderun's Mystic   Conj           ###.....     10%         3    N/A

Your spell library contained the following spells:

 Spells                   Type           Power        Failure   Level  Hunger
 Fulminant Prism          Conj/Hex       ##........   58%         4    N/A
 Irradiate                Conj/Tmut      #.........   91%         5    N/A

Dungeon Overview and Level Annotations

Branches:
Dungeon (4/12)
 Temple: D:4-7

Altars:

Shops:
D:4 [

Annotations:
D:3 3 runed translucent doors, Finalfun's ghost, amateur EnWn; yrara's ghost, amateur DsFi


Innate Abilities, Weirdness & Mutations

You do not eat or drink.
Your flesh is vulnerable to fire.
You are immune to poison.
You possess an exceptional clarity of mind.
Your flesh is cold resistant. (rC+)
You are immune to negative energy. (rN+++)
You are immune to unholy pain and torment.
You can survive without breathing.
Your hexes are more powerful.


Message History

The hippogriff claws you.
The searing ray hits the hippogriff!
The hippogriff is heavily wounded.
The hippogriff bites you!
* * * LOW HITPOINT WARNING * * *
The hippogriff barely misses you.
The hippogriff claws you but does no damage.
The searing ray hits the hippogriff!
The hippogriff is severely wounded.
The hippogriff bites you.
* * * LOW HITPOINT WARNING * * *
The hippogriff pecks you.
* * * LOW HITPOINT WARNING * * *
The hippogriff barely misses you.
The searing ray hits the hippogriff!
The hippogriff is almost dead.
The hippogriff bites you.
* * * LOW HITPOINT WARNING * * *
The hippogriff pecks you!
You die...

#+######+#
#........#....#
#........#....+
#..H.....#....# # #.@#
#####....#+###
.<..##..###...#.........
..............#.........
..............#.........
###.##.######'#.........
#. #. #.(..#'###+## # ..
#...(#....... ...
#....#....... ....
#....#.......


You could see a hippogriff.

Vanquished Creatures
  A crimson imp (D:4)
  An iguana (D:3)
  Terence (D:2)
  An orc wizard (D:3)
  Robin (D:2)
  An adder (D:3)
  An ooze (D:4)
  4 worms (D:3)
  A dart slug (D:1)
  7 orcs (D:3)
  A giant cockroach (D:3)
  3 hobgoblins (D:3)
  9 jackals
  10 kobolds
  7 bats
  2 frilled lizards (D:2)
  12 goblins
  3 rats
66 creatures vanquished.

Notes
Turn   | Place    | Note
-------+----------+-------------------------------------------
     0 | D:1      | Mehrunes the Mummy Conjurer began the quest for the Orb.
     0 | D:1      | Reached XP level 1. HP: 13/13 MP: 4/4
   236 | D:1      | Got a shimmering bone ring
   350 | D:1      | Reached XP level 2. HP: 20/20 MP: 1/5
   526 | D:1      | Identified the ring "Fog Neef" {+Fly MR++ Str-3} (You found
                  | it on level 1 of the Dungeon)
   911 | D:2      | Noticed Terence
  1053 | D:2      | Learned a level 2 spell: Searing Ray
  1154 | D:2      | Reached skill level 1 in Fighting
  1451 | D:2      | Reached XP level 3. HP: 26/26 MP: 4/7
  1646 | D:2      | Noticed Robin
  1723 | D:2      | Killed Robin
  2234 | D:2      | Killed Terence
  2235 | D:2      | Reached XP level 4. HP: 24/32 MP: 0/9
  2374 | D:3      | Learned a level 3 spell: Iskenderun's Mystic Blast
  3016 | D:3      | Reached XP level 5. HP: 37/38 MP: 0/10
  3764 | D:3      | Found a faded altar of an unknown god.
  3824 | D:3      | Found a runed translucent gate.
  3824 | D:3      | Found a runed translucent gate.
  3825 | D:3      | Found a runed translucent gate.
  3836 | D:3      | Noticed yrara's ghost (amateur DsFi)
  3836 | D:3      | Noticed Finalfun's ghost (amateur EnWn)
  3868 | D:4      | Found Xuadd's Antique Armour Boutique.
  4015 | D:4      | Noticed a hippogriff
  4021 | D:4      | Slain by a hippogriff

Skill      XL: |  1  2  3  4  5 |
---------------+----------------+-----
Spellcasting   | 3 4 |  4.2
Fighting       | 1 2 |  2.5
Dodging        | 2 |  2.8
Conjurations   | 4 |  4.0
Stealth        | |  2.1

Action                   |  1- 3 |  4- 6 || total
-------------------------+-------+-------++-------
Melee: Dagger            |    26 |    25 ||    51
       Whip              |       |     3 ||     3
 Cast: Magic Dart        |    43 |    33 ||    76
       Searing Ray       |    10 |    17 ||    27
  Use: Scroll            |     1 |       ||     1
Armor: Robe              |     6 |    15 ||    21
Dodge: Dodged            |    29 |    39 ||    68
